 Dungeon Crawl Stone Soup version 0.20-a0-263-g81abdfb (webtiles) character file.

9 roflturtle the Charmwright (level 2, 0/22 HPs)
             Began as a Vampire Skald on Dec 4, 2016.
             Slain by a hobgoblin
             ... wielding a +0 club
              (6 damage)
             ... on level 1 of the Dungeon.
             The game lasted 00:01:10 (414 turns).

roflturtle the Charmwright (Vampire Skald)           Turns: 414, Time: 00:01:10

Health: 0/22       AC:  3    Str: 11    XL:     2   Next: 3%
Magic:  5/5        EV: 12    Int: 14    God:
Gold:   26         SH:  0    Dex: 13    Spells: 4/5 levels left

rFire  . . .     SeeInvis +     a - +0 short sword
rCold  . . .     Gourm    .     b - +0 leather armour
rNeg   + . .     Faith    .     (no shield)
rPois  .         Spirit   .     (no helmet)
rElec  .         Reflect  .     (no cloak)
rCorr  .         Harm     .     (no gloves)
MR     .....                    (no boots)
Stlth  +.........               (no amulet)
                                (no ring)
                                (no ring)

@: no status effects
A: fangs 3, see invisible, unbreathing
a: no special abilities


You were on level 1 of the Dungeon.
You were not thirsty.

You visited 1 branch of the dungeon, and saw 1 of its levels.

You collected 26 gold pieces.

Inventory:

Hand Weapons
 a - a +0 short sword (weapon)
Armour
 b - a +0 leather armour (worn)
Jewellery
 h - a cursed ring of teleportation {unknown}
Scrolls
 f - a scroll of random uselessness {unknown}
 g - a scroll of identify {unknown}
Potions
 d - 3 potions of blood
 e - 2 potions of cure mutation {unknown}
Books
 c - a book of Battle

   Spells                             Type                      Level
   a - Infusion                       Charms                       1
   b - Shroud of Golubria             Charms/Translocation         2
   c - Song of Slaying                Charms                       2
   d - Spectral Weapon                Hexes/Charms                 3
   e - Regeneration                   Charms/Necromancy            3


   Skills:
 - Level 2.0 Fighting
 - Level 2.1 Short Blades
 - Level 0.7 Armour
 + Level 2.1 Dodging
 - Level 2.0 Spellcasting
 - Level 3.2 Charms


You had 4 spell levels left.
You knew the following spells:

 Your Spells              Type           Power        Failure   Level  Hunger
a - Infusion              Chrm           ##..         10%         1    ##.....


Dungeon Overview and Level Annotations

Branches:
Dungeon (1/15)

Altars:


Innate Abilities, Weirdness & Mutations

You have razor-sharp teeth.
You have supernaturally acute eyesight. (SInv)
You can survive without breathing.


Message History

The rat is heavily wounded.
The hobgoblin shouts!
The rat bites you.
You hit the rat.
You kill the rat!
The hobgoblin closely misses you.
You see here a rat corpse.
You barely miss the hobgoblin. The hobgoblin barely misses you.
You barely miss the hobgoblin. The hobgoblin completely misses you.
You completely miss the hobgoblin. The hobgoblin hits you with a club.
You hit the hobgoblin but do no damage.
You bite the hobgoblin, but do no damage.
The hobgoblin barely misses you.
You barely miss the hobgoblin. The hobgoblin hits you with a club.
You closely miss the hobgoblin. The hobgoblin hits you with a club.
* * * LOW HITPOINT WARNING * * *
You hit the hobgoblin.
The hobgoblin is lightly wounded.
The hobgoblin hits you with a club.
You die...

#.# #.# #.# #.# #.#
#.# #.# #.# #.# #.#
#.# #.# #.# #.# #.#
#.##############@#
...............g.#
#####..########..###
# #..#...........# #
#..#.######..#.# #
#....# #..#.#
#####.####### #..# #
......#...... ...#
.......(# #.##


You could see a hobgoblin.

Vanquished Creatures
  A leopard gecko (D:1)
  A bat (D:1)
  A giant cockroach (D:1)
  A hobgoblin (D:1)
  A goblin (D:1)
  3 rats (D:1)
8 creatures vanquished.

Notes
Turn   | Place    | Note
-------+----------+-------------------------------------------
     0 | D:1      | roflturtle the Vampire Skald began the quest for the Orb.
     0 | D:1      | Reached XP level 1. HP: 16/16 MP: 3/3
     0 | D:1      | Noticed an ogre
     0 | D:1      | Noticed a formicid
     0 | D:1      | Noticed an elf
     2 | D:1      | Noticed a human
     4 | D:1      | Noticed a vampire
     6 | D:1      | Noticed a minotaur zombie
     8 | D:1      | Noticed a minotaur zombie
     9 | D:1      | Noticed a felid
    15 | D:1      | Noticed a spriggan
    17 | D:1      | Noticed a spriggan
   350 | D:1      | Reached XP level 2. HP: 22/22 MP: 5/5
   414 | D:1      | Slain by a hobgoblin

Vault maps used:
D:1:      shiori_arrival_whats_in_store_for_you

Skill      XL: |  1 |
---------------+----+-----
Fighting       | 2 |  2.0
Dodging        | 2 |  2.1
Short Blades   | |  2.1
Armour         | |  0.7
Spellcasting   | |  2.0
Charms         | |  3.2

Action                   || total
-------------------------++-------
Melee: Short sword       ||    35
       Bite              ||     2
Armor: Leather armour    ||     7
Dodge: Dodged            ||    22
